 Dungeon Crawl Stone Soup version 0.30-b1-2-g02819fbbbe (webtiles) character file.

Game seed: 14638328936672024641

3332 redmage the Geomancer (level 10, -8/69 HPs)
             Began as a Meteoran Earth Elementalist on Aug 30, 2023.
             Was an Initiate of Yredelemnul.
             Mangled by an orc warrior
             ... wielding a +0 war axe
              (21 damage)
             ... in a bailey.
             The game lasted 00:28:38 (1649 turns).

redmage the Geomancer (Meteoran Earth Elementalist) Turns: 1649, Time: 00:28:40

Health: -8/69      AC:  6    Str: 12    XL:     10   Next: 45%
Magic:  19/24      EV: 12    Int: 20    God:    Yredelemnul [......]
Gold:   657        SH:  5    Dex: 14    Spells: 18/28 levels left

rFire   . . .        i - staff of earth
rCold   . . .        (no shield)
rNeg    + . .        e - +3 robe of Polish {rN+ Will+}
rPois   +            (no helmet)
rElec   .            n - +0 cloak {rPois}
rCorr   .            (no gloves)
SInv    .            (no boots)
Will    ++...        r - amulet of reflection
Stlth   +            (no ring)
HPRegen 0.31/turn    (no ring)
MPRegen 0.19/turn

%: reflection
@: glowing
A: sense surroundings 2, otherworldly, glowing, explore regen
a: Renounce Religion, Recall Undead Harvest


You were in a bailey.
You worshipped Yredelemnul.
Yredelemnul was noncommittal.
You visited 2 branches of the dungeon, and saw 9 of its levels.
You also visited: Bailey.

You collected 657 gold pieces.

Inventory:

Hand Weapons
 h - a +2 dagger of flaming
Missiles
 l - 17 poisoned darts
 u - 17 boomerangs
 w - 4 atropa-tipped darts
Armour
 e - the +3 robe of Polish (worn) {rN+ Will+}
   (You found it on level 4 of the Dungeon)

   rN:        It protects you from negative energy.
   Will:      It increases your willpower.
 n - a +0 cloak of poison resistance (worn)
Magical Staves
 c - a staff of conjuration
 i - a staff of earth (weapon)
Jewellery
 r - an amulet of reflection (around neck)
Wands
 d - a wand of paralysis (16)
 m - a wand of quicksilver (13)
Scrolls
 s - a scroll of enchant armour
 v - a scroll of immolation
Potions
 a - a potion of haste {unknown}
 f - 2 potions of attraction
 g - a potion of curing
 j - 3 potions of degeneration {unknown}
 k - 3 potions of brilliance {unknown}
 o - 2 potions of mutation {unknown}
 p - 2 potions of might {unknown}
 q - a potion of heal wounds {unknown}
 t - a potion of flight {unknown}


   Skills:
 - Level 2.5 Dodging
 - Level 1.4 Stealth
 + Level 9.8 Spellcasting
 - Level 6.0 Conjurations
 - Level 6.0 Transmutations
 + Level 10.4 Earth Magic
 - Level 3.9 Invocations


You had 18 spell levels left.
You knew the following spells:

 Your Spells              Type           Power      Damage    Failure   Level
a - Sandblast             Erth           100%       2d20      1%          1
b - Passwall              Tmut/Erth      49%        N/A       1%          2
c - Stone Arrow           Conj/Erth      100%       3d13      1%          3
d - Petrify               Tmut/Erth      59%        N/A       2%          4

Your spell library contained the following spells:

 Spells                   Type           Power      Damage    Failure   Level


Dungeon Overview and Level Annotations

Branches:
Dungeon (8/15) Zot: 3233   Temple (1/1) D:5 Zot: 578  Bailey (1/1) Zot: 467
   Lair: D:8-11

Altars:
Dithmenos
Makhleb
Nemelex Xobeh
Qazlal
Trog
Uskayaw
Wu Jian
Xom
Yredelemnul
Zin
The Shining One

Shops:
D:3 ?


Innate Abilities, Weirdness & Mutations

You passively map the area around you.
You are easily found by Zot.
You glow in the dark.
You regain HP and MP as you explore.


Message History

Your Earth Magic skill increases to level 10!
Unknown command.
Unknown command.
Okay, then.
Unknown command.
Okay, then.
Unknown command.
Casting: Stone Arrow (safe; 1% risk of failure)
Confirm with . or Enter, or press ? or * to list all spells.
Aiming: Stone Arrow (safe; 1% risk of failure)
Press: ? - help, Shift-Dir - straight line, f - kobold brigand
Aim: a kobold brigand, wielding a +0 war axe and quivering curare-tipped darts (moderately wounded, very poisoned, slow, 72% to hit)
You feel a surge of power!
The stone arrow hits the kobold brigand!
The kobold brigand is severely wounded.
The orc warrior barely misses you.
The kobold brigand hits you with a +0 war axe!
The orc warrior barely misses you.
Unknown command.
Unknown command.
Casting: Stone Arrow (safe; 1% risk of failure)
Confirm with . or Enter, or press ? or * to list all spells.
Aiming: Sandblast (safe; 1% risk of failure)
Press: ? - help, Shift-Dir - straight line, f/p - kobold brigand
Aim: a kobold brigand, wielding a +0 war axe and quivering curare-tipped darts (severely wounded, poisoned, slow, 82% to hit)
You feel a surge of power!
The blast of sand hits the kobold brigand!!
You kill the kobold brigand!
The dead are walking!
The orc warrior hits you with a +0 war axe.
The kobold brigand barely misses you. You block the orc warrior's attack.
Unknown command.
Okay, then.
Magic courses through your body.
The orc warrior hits you with a +0 war axe.
The kobold brigand hits you with a +0 war axe!
* * * LOW HITPOINT WARNING * * *
The orc warrior hits you with a +0 war axe!!
You die...
Your body rises from the dead as a mindless zombie.

##.....## #...∩...#
#.......# ##..∩..##
##'''## #...# #..Z#
#...# ####@).####
##~.ooK)..~## *
###~~..))...~~####
....~~..).)..~~....#
.###~~.......~~###.#
,...~~.......~~....#
,###~~.......~~###.#
...~~.......~~....#
###~~.......~~###.#


You could see 2 orc warriors, a kobold brigand (ally target) and a friendly
kobold brigand zombie.

Vanquished Creatures
  An orc knight (Bailey)
  Maurice (D:8)
  A troll (D:7)
  A hornet (D:8)
  A sky beast (D:6)
  Pargi (D:4)
  Duvessa (D:6)
  A black bear (D:4)
  3 ice beasts (D:6)
  2 centaurs
  9 kobold brigands
  A phantom (D:6)
  A scorpion (D:7)
  Dowan (D:6)
  5 killer bees (D:8)
  4 hounds (D:6)
  2 iguanas
  An orc wizard (D:8)
  8 gnolls
  An adder (D:2)
  2 ufetubi
  A worm (D:3)
  A dart slug (D:3)
  16 orcs
  A ball python (D:3)
  3 bats
  3 endoplasms
  2 giant cockroaches
  A hobgoblin (D:3)
  25 kobolds
  A quokka (D:4)
  A frilled lizard (D:3)
  5 goblins
  2 rats
110 creatures vanquished.

Vanquished Creatures (collateral kills)
  An orc (D:8)
  3 kobolds (Bailey)
4 creatures vanquished.

Vanquished Creatures (others)
  A scorpion zombie (D:7)
  A killer bee zombie (D:8)
  An ice beast zombie (D:6)
  A hound zombie (D:6)
  A gnoll zombie (D:8)
  13 kobold zombies
  An orc zombie (D:8)
19 creatures vanquished.

Grand Total: 133 creatures vanquished

Notes
Turn   | Place    | Note
-------+----------+-------------------------------------------
     0 | D:1      | redmage the Meteoran Earth Elementalist began the quest for
                  | the Orb.
     0 | D:1      | Reached XP level 1. HP: 14/14 MP: 5/5
    80 | D:3      | Found Ryasomum's Magic Scroll Emporium.
    91 | D:3      | Reached XP level 2. HP: 12/20 MP: 2/6
   118 | D:3      | Found an ornate altar of the Wu Jian Council.
   145 | D:3      | Learned a level 2 spell: Passwall
   148 | D:3      | Found a burning altar of Makhleb.
   224 | D:3      | Reached skill level 1 in Conjurations
   224 | D:3      | Reached XP level 3. HP: 26/26 MP: 4/8
   228 | D:3      | Learned a level 3 spell: Stone Arrow
   232 | D:3      | Reached skill level 4 in Earth Magic
   312 | D:3      | Reached XP level 4. HP: 14/33 MP: 2/10
   376 | D:4      | Noticed Pargi
   386 | D:4      | Killed Pargi
   387 | D:4      | Reached XP level 5. HP: 28/38 MP: 1/12
   406 | D:5      | Entered Level 5 of the Dungeon
   440 | D:4      | Reached skill level 5 in Earth Magic
   440 | D:4      | Reached XP level 6. HP: 30/45 MP: 11/13
   457 | D:4      | Found a shimmering altar of Xom.
   462 | D:4      | Identified the +3 robe of Polish {rN+ Will+}
   496 | D:4      | Noticed a black bear
   506 | D:4      | Killed a black bear
   507 | D:4      | Reached skill level 5 in Spellcasting
   579 | D:5      | Found a staircase to the Ecumenical Temple.
   586 | Temple   | Entered the Ecumenical Temple
   599 | Temple   | Became a worshipper of Yredelemnul the Dark
   622 | D:5      | Noticed a centaur
   626 | D:5      | Killed a centaur
   627 | D:5      | Reached XP level 7. HP: 42/50 MP: 10/15
   671 | D:6      | Reached skill level 6 in Earth Magic
   706 | D:6      | Reached * piety under Yredelemnul
   730 | D:6      | Reached skill level 5 in Conjurations
   730 | D:6      | Reached XP level 8. HP: 57/57 MP: 14/18
   788 | D:6      | Noticed Duvessa
   788 | D:6      | Noticed Dowan
   793 | D:6      | Killed Duvessa
   794 | D:6      | Reached skill level 1 in Invocations
   812 | D:6      | Killed Dowan
   836 | D:6      | Reached skill level 7 in Earth Magic
  1053 | D:6      | Gained mutation: You passively map the area around you.
                  | [Meteoran growth]
  1053 | D:6      | Reached XP level 9. HP: 21/62 MP: 10/20
  1086 | D:7      | Learned a level 4 spell: Petrify
  1109 | D:7      | Noticed a troll
  1125 | D:7      | Killed a troll
  1126 | D:7      | Reached skill level 8 in Earth Magic
  1312 | D:8      | Reached skill level 5 in Transmutations
  1391 | D:8      | Noticed a hornet
  1396 | D:8      | Killed a hornet
  1407 | D:8      | Noticed Maurice
  1433 | D:8      | Found a stormy altar of Qazlal.
  1442 | D:8      | Killed Maurice
  1443 | D:8      | Reached skill level 9 in Earth Magic
  1443 | D:8      | Reached XP level 10. HP: 69/69 MP: 13/23
  1493 | D:8      | Found a flagged portal.
  1528 | Bailey   | Entered a bailey
  1617 | Bailey   | Noticed an orc knight
  1646 | Bailey   | Killed an orc knight
  1647 | Bailey   | Reached skill level 10 in Earth Magic
  1649 | Bailey   | Mangled by an orc warrior

Illustrated notes

Levels and vault maps discovered:
D:1:      dpeg_arrival_solitude, layout_loops_ring,
          shapermc_ecumenical_altar_notcrosses, minmay_pentomino_u2
D:2:      layout_rooms
D:3:      layout_rooms, demons_altar, chei_slow_surprise,
          nicolae_hepliaklqana_monster_ancestors, mainiacjoe_overflow_24_doors,
          serial_shops, nicolae_shop_real_fake_doors, serial_bayou,
          serial_bayou_lagoon_a, serial_bayou_pond_e, serial_bayou_pond_b,
          serial_bayou_shore_a, hangedman_decor_opposing,
          corexii_item_surrounded_by_moat, dk_noncrumbling_4
D:4:      layout_gridville, mainiacjoe_overflow_catwalk_spiral,
          gammafunk_ghost_grave, uniq_pargi
D:5:      layout_rooms, palyth_temple_overflow_mages,
          nicolae_gozag_cash_rules_everything_around_me,
          hellmonk_okawaru_the_only_friend_you_need, minmay_temple_entry_waves,
          kb_lookout_dungeons_type, uniq_prince_ribbit1
D:6:      nicolae_cairo_tiling, layout_basic, kennysheep_minor_cross,
          nrook_uturn, kennysheep_generic_room_8, uniq_duvessa
D:7:      layout_loops_cross
D:8:      layout_basic, mainiacjoe_overflow_concentric_impassable,
          jmf_multi_god_temple, lightli_bailey_entry_fortress, uniq_maurice
Temple:   nicolae_temple_little_seven
Bailey:   bailey_axe_3, bailey

Skill      XL: |  1  2  3  4  5  6  7  8  9 10 |
---------------+-------------------------------+-----
Spellcasting   | 3 4 5 6 7 8 9 |  9.8
Conjurations   | 1 3 4 5 6 |  6.0
Earth Magic    | 4 5 6 7 9 10 | 10.4
Invocations    | 3 |  3.9
Transmutations | 6 |  6.0
Dodging        | |  2.5
Stealth        | |  1.4

Action                     |  1- 3 |  4- 6 |  7- 9 | 10-12 || total
---------------------------+-------+-------+-------+-------++-------
  Melee: Staff             |       |     1 |       |       ||     1
   Cast: Sandblast         |    29 |    21 |    55 |    23 ||   128
         Passwall          |     3 |     4 |     7 |       ||    14
         Stone Arrow       |     2 |     6 |    26 |    13 ||    47
 Invoke: Recall Undead Har |       |       |     1 |       ||     1
  Evoke: Wand              |       |       |     6 |       ||     6
    Use: Scroll            |       |     5 |     4 |       ||     9
         Potion            |       |       |     3 |     1 ||     4
 Armour: Robe              |     1 |     4 |    21 |     7 ||    33
  Dodge: Dodged            |     6 |    11 |    23 |    13 ||    53
  Block: Other             |       |       |     5 |     6 ||    11
         Reflection        |       |       |     2 |     3 ||     5
